 Dungeon Crawl Stone Soup version 0.25.1-2-g60ff931df9 (webtiles) character file.

Game seed: 16820862856962643672

59 gruber the Stinger (level 4, 0/27 HPs)
             Began as an Octopode Venom Mage on Nov 3, 2020.
             Succumbed to an adder's poison
             ... on level 2 of the Dungeon.
             The game lasted 00:01:56 (1363 turns).

gruber the Stinger (Octopode Venom Mage)            Turns: 1363, Time: 00:01:57

Health: 0/27       AC:  1    Str:  7    XL:     4   Next: 3%
Magic:  6/8        EV: 13    Int: 18    God:
Gold:   55         SH:  0    Dex: 12    Spells: 8/9 levels left

rFire    . . .     SeeInvis +   c - +3 hand axe
rCold    . . .     Gourm    .   (no shield)
rNeg     . . .     Faith    .   (helmet restricted)
rPois    +         Spirit   .   (no amulet)
rElec    .         Reflect  .   i - ring of see invisible
rCorr    .         Harm     .   (no ring)
MR       .....                  (no ring)
Stlth    +++.......             (no ring)
HPRegen  0.09/turn              (no ring)
MPRegen  0.11/turn              (no ring)
                                (no ring)
                                (no ring)

@: mighty, lethally poisoned (0 -> -5)
A: almost no armour, stealthy swim, amphibious, 8 rings, constrict 8, beak,
camouflage 1, poison resistance, screaming 1, gelatinous body 1, evolution 1
a: no special abilities


You were on level 2 of the Dungeon.
You were not hungry.

You visited 1 branch of the dungeon, and saw 2 of its levels.

You collected 55 gold pieces.

Inventory:

Hand Weapons
 c - a +3 hand axe (weapon)
Jewellery
 i - a ring of see invisible (left tentacle)
Scrolls
 a - a scroll of magic mapping {unknown}
 d - 3 scrolls of teleportation {unknown}
 h - a scroll of enchant weapon {unknown}
 j - a scroll of identify {unknown}
Comestibles
 b - 4 rations
 f - a chunk of flesh


   Skills:
 - Level 2.0 Dodging
 - Level 2.6 Stealth
 * Level 3.0 Spellcasting
 - Level 1.0 Transmutations
 + Level 4.9 Poison Magic


You had 8 spell levels left.
You knew the following spells:

 Your Spells              Type           Power        Failure   Level  Hunger
a - Sting                 Tmut/Pois      ##..         4%          1    None

Your spell library contained the following spells:

 Spells                   Type           Power        Failure   Level  Hunger
 Poisonous Vapours        Pois/Air       ##....       9%          2    ##.....
 Ignite Poison            Fire/Tmut/Pois #.......     22%         3    ###....
 Olgreb's Toxic Radiance  Pois           ###.....     22%         4    ####...
 Mephitic Cloud           Conj/Pois/Air  #.......     26%         3    ###....


Dungeon Overview and Level Annotations

Branches:
Dungeon (2/15)

Altars:
Trog


Innate Abilities, Weirdness & Mutations

You cannot wear most types of armour.
You are very stealthy in the water. (Stealth+)
You are amphibious.
You can wear up to eight rings at the same time.
You can use your tentacles to constrict eight enemies at once.
Your skin changes colour to match your surroundings (Stealth+).
Your rubbery body absorbs attacks. (AC +1, EV +1)
You have a beak for a mouth.
Your system is resistant to poisons. (rPois)
You occasionally shout uncontrollably at your foes.
You evolve.


Message History

You slash the bat!
You kill the bat!
* * * LOW HITPOINT WARNING * * *
You feel sick. The giant cockroach bites you.
* * * LOW HITPOINT WARNING * * *
Unknown command.
You barely miss the giant cockroach. You grab the giant cockroach.
You squeeze the giant cockroach.
You kill the giant cockroach!
* * * LOW HITPOINT WARNING * * *
You feel sick.
There is a lethal amount of poison in your body!
There is a lethal amount of poison in your body!
There is a lethal amount of poison in your body!
There is a lethal amount of poison in your body!
There is a lethal amount of poison in your body!
There is a lethal amount of poison in your body!
* * * LOW HITPOINT WARNING * * *
You feel sick.
You die...

.....# .....# .###.
.....###### .....
#$<.....S# #.#..
....####..# #.... .##.# #
###...###. ... #.
#........# ...
#.##..†.....# ......
#...@.......# ..... ..
####........# .......
#.###...........# .....
#...............#
.^.....#####.......<....#
.......####..#.#........#
..##.#..##..##.#.........
...............####.#####
...........##### .#


There were no monsters in sight!

Vanquished Creatures
  2 adders (D:2)
  An ooze (D:2)
  A worm (D:2)
  A dart slug (D:2)
  A giant cockroach (D:2)
  3 hobgoblins
  6 jackals
  6 kobolds (D:1)
  7 bats
  2 frilled lizards
  3 rats (D:1)
33 creatures vanquished.

Notes
Turn   | Place    | Note
-------+----------+-------------------------------------------
     0 | D:1      | gruber the Octopode Venom Mage began the quest for the Orb.
     0 | D:1      | Reached XP level 1. HP: 11/11 MP: 3/3
   396 | D:1      | Reached skill level 4 in Poison Magic
   396 | D:1      | Reached XP level 2. HP: 17/17 MP: 5/5
   952 | D:2      | Reached XP level 3. HP: 21/21 MP: 1/6
  1322 | D:2      | Found a bloodstained altar of Trog.
  1353 | D:2      | Reached XP level 4. HP: 9/27 MP: 5/8
  1354 | D:2      | Gained mutation: Your system is resistant to poisons.
                  | (rPois) [potion of mutation]
  1354 | D:2      | Gained mutation: You have a beak for a mouth. [potion of
                  | mutation]
  1354 | D:2      | Gained mutation: You occasionally shout uncontrollably at
                  | your foes. [potion of mutation]
  1354 | D:2      | Gained mutation: You evolve. [potion of mutation]
  1361 | D:2      | HP: 1/27 [poisoned by an adder]
  1363 | D:2      | Succumbed to an adder's poison

Illustrated notes

Levels and vault maps discovered:
D:1:      nagdon_arrival_zigzag_paths, layout_basic, minmay_hexomino_u4
D:2:      layout_rooms, zin_angel, lemuel_doored_altar,
          grunt_temple_overflow_open, chequers_ecumenical_altar_grove,
          trog_three_pillars_becter

Skill      XL: |  1  2  3 |
---------------+----------+-----
Poison Magic   | 4 |  4.9
Spellcasting   | 3 |  3.0
Dodging        | |  2.0
Stealth        | |  2.6
Transmutations | |  1.0

Action                   |  1- 3 |  4- 6 || total
-------------------------+-------+-------++-------
Melee: Hand axe          |    46 |     2 ||    48
       Constrict         |    14 |     1 ||    15
       Unarmed           |     4 |       ||     4
       Tentacles         |     9 |     1 ||    10
 Cast: Sting             |    19 |     1 ||    20
  Use: Potion            |       |     2 ||     2
 Stab: Sleeping          |     4 |       ||     4
  Eat: Chunk             |     1 |       ||     1
Armor: Skin              |     5 |       ||     5
Dodge: Dodged            |    60 |       ||    60
